 Dungeon Crawl Stone Soup version 0.27-a0-1189-gb8eb6cee8e (webtiles) character file.

Game seed: 870804273241305315

4136 Zonian the Fighter (level 10, -15/136 HPs)
             Began as a Pale Draconian Monk on May 22, 2021.
             Was a Believer of Ashenzari.
             Killed from afar by an efreet (22 damage)
             ... with a bolt of fire
             ... on level 8 of the Dungeon.
             The game lasted 00:27:02 (11197 turns).

Zonian the Fighter (Pale Draconian Monk)           Turns: 11197, Time: 00:27:03

Health: -15/136    AC: 10    Str: 14    XL:     10   Next: 6%
Magic:  10/10      EV: 16    Int: 11    God:    Ashenzari [**....]
Gold:   521        SH:  5    Dex: 16    Spells: 9/9 levels left

rFire    . . .     SeeInvis +   g - +2 falchion (vorpal)
rCold    . . .     Faith    .   f - +0 buckler "Clairvoyant Urgency" {Comp, Cun} (curse)
rNeg     . . .     Spirit   .   (armour unavailable)
rPois    .         Reflect  .   (helmet restricted)
rElec    .         Harm     .   m - +0 cloak "Enigmatic Jealousy" {Melee, Range} (curse)
rCorr    .         Rampage  .   j - +1 pair of gloves "I Knew You'd Do That" {Evo, Cun} (curse)
Will     +....                  (no boots)
Stlth    ..........             (no amulet)
HPRegen  0.32/turn              y - ring of willpower
MPRegen  0.12/turn              q - ring of flight

@: berserking (expiring), flying, studying Stealth, very quick
A: breathe steam, AC +7, unfitting armour, cold-blooded, steam resistance
a: Breathe Steam, Renounce Religion, Curse Item, Shatter the Chains


You were on level 8 of the Dungeon.
You worshipped Ashenzari.
Ashenzari was pleased with you.
You visited 1 branch of the dungeon, and saw 8 of its levels.
You also visited: Sewer.

You collected 521 gold pieces.

Inventory:

Hand Weapons
 a - a +0 spear
 g - a +2 vorpal falchion (weapon)
 r - a +0 dagger of pain
 s - a +0 hunting sling
 u - a +0 short sword of electrocution
Missiles
 o - 66 poisoned darts (quivered)
 t - 14 sling bullets
 A - 8 atropa-tipped darts
 C - a curare-tipped dart
Armour
 f - the cursed +0 buckler "Clairvoyant Urgency" (worn) {Comp, Cun}
   (You found it on level 4 of the Dungeon)

   It has a curse which improves the following skills: Companions: Summonings
   and Necromancy.
   Cunning:   Dodging and Stealth.
 j - the cursed +1 pair of gloves "I Knew You'd Do That" (worn) {Evo, Cun}
   (You found it on level 2 of the Dungeon)

   It has a curse which improves the following skills: Evocations: Evocations.
   Cunning:   Dodging and Stealth.
 k - a scarf of harm
 m - the cursed +0 cloak "Enigmatic Jealousy" (worn) {Melee, Range}
   (You found it on level 4 of the Dungeon)

   It has a curse which improves the following skills: Melee Combat: Short
   Blades, Long Blades, Axes, Maces & Flails, Polearms, Staves and Unarmed
   Combat.
   Ranged Combat: Slings, Bows, Crossbows and Throwing.
Magical Staves
 c - a staff of death
Jewellery
 q - a ring of flight (right hand)
 y - a ring of willpower (left hand)
Wands
 w - a wand of iceblast (1)
Scrolls
 d - 4 scrolls of teleportation
 n - a scroll of identify
 v - a scroll of enchant weapon
 z - a scroll of silence
 D - a scroll of fog
Potions
 b - 4 potions of curing
 e - a potion of resistance
 i - 2 potions of brilliance
 l - 2 potions of might
 p - a potion of invisibility
 x - 4 potions of flight
 B - a potion of heal wounds


   Skills:
 * Level 9.4 Fighting
 + Level 7.0(8.5) Long Blades
 - Level 3.3(4.6) Polearms
 + Level 5.8(8.1) Dodging
 + Level 8.1(10.4) Stealth
 - Level 5.0 Shields


You had 9 spell levels left.
You didn't know any spells.
Your spell library contained the following spells:

 Spells                   Type           Power      Damage    Failure   Level
 Foxfire                  Conj/Fire      0%         2x1d4     34%         1
 Conjure Flame            Conj/Fire      0%         6-21      71%         3
 Inner Flame              Hex/Fire       0%         N/A       71%         3
 Sticky Flame             Conj/Fire      0%         2d3       98%         4
 Fireball                 Conj/Fire      0%         3d3       100%        5


Dungeon Overview and Level Annotations

Branches:
Dungeon (8/15)             Temple (0/1) D:5           Sewer (visited)
   Lair: D:8-11

Altars:
Ashenzari
Dithmenos
Elyvilon
Qazlal
Uskayaw
Zin

Annotations:
D:4 Blork the orc


Innate Abilities, Weirdness & Mutations

You can breathe blasts of scalding, opaque steam.
Your pale cyan-grey scales are hard. (AC +7)
You cannot fit into any form of body armour.
You are cold-blooded and may be slowed by cold attacks.
You are immune to the effects of steam.


Message History

You hit the efreet but do no damage. You tail-slap the efreet.
The efreet is lightly wounded.
You block the efreet's attack.
You hit the efreet but do no damage.
The efreet is lightly wounded.
The efreet closely misses you.
You hit the efreet.
You tail-slap the efreet, but do no damage.
The efreet is lightly wounded.
The efreet gestures at you.
The fireball explodes!
The fireball engulfs you!!
The fireball engulfs the efreet.
The efreet completely resists.
You hear a shout!
A red film seems to cover your vision as you go berserk!
You feel yourself moving faster!
You feel mighty!
You hear a shout!
The efreet hits you with a +0 scimitar of flaming!
The efreet burns you.
You slash the efreet!
Your tail-slap misses the efreet.
The efreet is moderately wounded.
You hit the efreet.
The efreet is heavily wounded.
The efreet gestures at you.
The fireball explodes!
The fireball engulfs you!!
* * * LOW HITPOINT WARNING * * *
The fireball engulfs the efreet.
The efreet completely resists.
You hit the efreet but do no damage.
The efreet is heavily wounded.
The efreet gestures at you.
The fireball explodes!
The fireball engulfs you!!
* * * LOW HITPOINT WARNING * * *
The fireball engulfs the efreet.
The efreet completely resists.
You hit the efreet.
The efreet is heavily wounded.
Unknown command.
You slash the efreet!
The efreet is almost dead.
The efreet gestures at you. The bolt of fire hits you!!
You die...

##.....##...##.####..##
#># *. .....#####...###
##.# #.. ,, #...##
##...## #.# *#.#* *
##.## #.....## #.# #.#
### #.# #..###.##
#.###.# #.( #.# ##.##
##.## #....# ##..# #.#
#..# ##.# ##...# ##.# *
#.#####..# #.#
#...####..###
#...##...## ##@#
#............
#####.#...# #R##
#..#####.####
####..####g##
##.#.........
##...##.○# #.#.#######.
## ##...##.### #.#T#{ {
#. .########
##.####..###.#.#.# {#.
........## #.#
##...R○☼g'.# #.
######...# #.#
##<...#°#.#* {#. ##..#
#.# ####.#○# , {#.


You could see an efreet and a gnoll sergeant.

Vanquished Creatures
  A centaur warrior (D:8)
  A two-headed ogre (D:7)
  A steam dragon (D:5)
  A vampire mosquito (D:8)
  An acid dragon (D:8)
  A water moccasin (D:7)
  An orc warrior (D:8)
  2 ice beasts (D:5)
  A centaur (D:8)
  3 ogres
  2 phantoms
  2 kobold brigands
  5 bullfrogs
  A gnoll sergeant (D:7)
  2 scorpions
  4 killer bees (D:8)
  A wight (D:8)
  An electric eel (D:6)
  A jelly (D:7)
  2 hounds (D:6)
  4 orc priests
  3 iguanas
  A bullfrog skeleton (D:6)
  5 orc wizards
  A merfolk siren (Sewer)
  A hound skeleton (D:5)
  A howler monkey zombie (D:8)
  A howler monkey skeleton (D:3)
  6 gnolls
  6 adders
  A river rat (D:6)
  A white imp (D:5)
  4 worms
  4 dart slugs
  30 orcs
  8 endoplasms
  3 giant cockroaches (D:1)
  7 goblins
  5 hobgoblins
  4 jackals (D:2)
  17 kobolds
  13 ball pythons
  6 bats
  7 frilled lizards
  21 rats
194 creatures vanquished.

Vanquished Creatures (others)
  8 plants (D:6)
8 creatures vanquished.

Grand Total: 202 creatures vanquished

Notes
Turn   | Place    | Note
-------+----------+-------------------------------------------
     0 | D:1      | Zonian the Draconian Monk began the quest for the Orb.
     0 | D:1      | Reached XP level 1. HP: 19/19 MP: 1/1
   299 | D:1      | Reached XP level 2. HP: 26/26 MP: 2/2
  1236 | D:2      | Reached XP level 3. HP: 28/31 MP: 3/3
  1713 | D:2      | Reached skill level 1 in Long Blades
  1954 | D:3      | Reached XP level 4. HP: 40/40 MP: 4/4
  2023 | D:3      | Reached skill level 4 in Fighting
  2344 | D:3      | Noticed a scorpion
  2352 | D:3      | Killed a scorpion
  2353 | D:3      | Reached XP level 5. HP: 20/46 MP: 5/5
  2792 | D:3      | Found a faded altar of an unknown god.
  3134 | D:3      | Found a glowing silver altar of Zin.
  3428 | D:3      | Noticed an ogre
  3443 | D:3      | Killed an ogre
  3444 | D:3      | Reached XP level 6. HP: 52/52 MP: 6/6
  3836 | D:4      | Noticed Blork the orc
  5024 | D:4      | Identified a scroll of acquirement
  5024 | D:4      | Acquired a manual of Stealth
  5310 | D:4      | Found a broken altar of Ashenzari.
  5432 | D:4      | Became a worshipper of Ashenzari the Shackled
  5503 | D:4      | Reached * piety under Ashenzari
  5519 | D:5      | Entered Level 5 of the Dungeon
  5519 | D:5      | Found a staircase to the Ecumenical Temple.
  5531 | D:5      | Your scales start taking on a pale cyan-grey colour.
  5531 | D:5      | Reached XP level 7. HP: 60/60 MP: 7/7
  5531 | D:5      | Gained mutation: You are immune to the effects of steam.
                  | [Pale Draconian growth]
  5636 | D:5      | Noticed a steam dragon
  5655 | D:5      | Killed a steam dragon
  5656 | D:5      | Reached skill level 5 in Fighting
  5656 | D:5      | Reached skill level 1 in Shields
  5661 | D:5      | Reached skill level 5 in Long Blades
  6046 | D:5      | Found a shadowy altar of Dithmenos.
  6047 | D:5      | Found a hide-covered altar of Uskayaw.
  6585 | D:5      | Reached skill level 6 in Fighting
  6610 | D:5      | Reached ** piety under Ashenzari
  6810 | D:5      | Reached XP level 8. HP: 70/70 MP: 8/8
  6857 | D:5      | Found a stormy altar of Qazlal.
  7028 | D:6      | Found a glowing drain.
  7061 | Sewer    | Entered a sewer
  7089 | Sewer    | Reached skill level 5 in Stealth
  7875 | D:6      | Found a white marble altar of Elyvilon.
  8240 | D:6      | Reached skill level 7 in Fighting
  8958 | D:7      | Noticed a two-headed ogre
  8964 | D:7      | Killed a two-headed ogre
  8965 | D:7      | Reached skill level 8 in Fighting
  8965 | D:7      | Reached skill level 5 in Dodging
  8965 | D:7      | Reached XP level 9. HP: 52/81 MP: 9/9
  9306 | D:7      | Found Abrenn's Magic Scroll Shop.
  9826 | D:8      | Noticed a centaur warrior
  9883 | D:8      | Killed a centaur warrior
  9884 | D:8      | Reached skill level 9 in Fighting
 10241 | D:8      | Noticed a troll
 10241 | D:8      | Noticed a cyclops
 10241 | D:8      | Noticed an efreet
 10388 | D:8      | Reached skill level 5 in Shields
 10388 | D:8      | Reached XP level 10. HP: 45/91 MP: 10/10
 11169 | D:8      | Identified the +8 long sword of Quick Death {venom, Fly}
 11197 | D:8      | Killed from afar by an efreet

Illustrated notes

Levels and vault maps discovered:
D:1:      psy_arrival_dodecagon, layout_loops_ring
D:2:      layout_basic
D:3:      minmay_octagon_keep, layout_loops_ring, lemuel_crystal_altar,
          shapermc_ecumenical_altar_venn, kennysheep_generic_room_9
D:4:      layout_gridville, ashenzari_altar_1, uniq_blork_the_orc
D:5:      layout_basic, grunt_qazlal_clouds, gammafunk_temple_overflow_pools,
          minmay_temple_entry_grid, minivault_1, glass_columns_b
D:6:      layout_loops_ring, nicolae_elyvilon_temple_path, portal_sewer_entry_a
D:7:      layout_loops_cross, serial_shops, kennysheep_mini_moat,
          grunt_ministairs_3
D:8:      layout_layer_cave, minmay_the_grid_2x2 [minmay_the_grid_outer_circle,
          minmay_the_grid_paths, minmay_the_grid_minigrid_large,
          minmay_the_grid_prize_shrinking_boxes]

Skill      XL: |  1  2  3  4  5  6  7  8  9 10 |
---------------+-------------------------------+-----
Stealth        | 2 3 4 6 8 |  8.1
Dodging        | 3 4 5 |  5.8
Long Blades    | 1 3 4 5 6 7 |  7.0
Fighting       | 4 6 8 9 |  9.4
Shields        | 2 4 5 |  5.0
Polearms       | |  3.3

Action                   |  1- 3 |  4- 6 |  7- 9 | 10-12 || total
-------------------------+-------+-------+-------+-------++-------
Melee: Spear             |    61 |       |       |       ||    61
       Tailslap          |    10 |    21 |    47 |     8 ||    86
       Falchion          |    41 |   140 |   272 |    36 ||   489
 Fire: Hunting sling     |       |     7 |       |       ||     7
Throw: Throwing net      |       |     2 |       |       ||     2
       Dart              |       |       |     4 |       ||     4
Invok: Curse Item        |       |     2 |     1 |       ||     3
 Abil: Breathe Steam     |       |       |    16 |       ||    16
Evoke: Wand              |       |       |     6 |     1 ||     7
  Use: Scroll            |     4 |    11 |       |       ||    15
       Potion            |       |     1 |     1 |     2 ||     4
 Stab: Sleeping          |     8 |     1 |     9 |       ||    18
       Held in net/web   |       |     1 |       |       ||     1
       Distracted        |       |       |     1 |       ||     1
Armor: Skin              |    25 |    49 |    60 |     9 ||   143
Dodge: Dodged            |    66 |    72 |   153 |    18 ||   309
Block: Buckler           |       |     9 |    64 |    12 ||    85
       Rpst.: Falchion   |     9 |    23 |    37 |     6 ||    75

Table legend: (Time is in decaauts)
 A = Elapsed time spent in this place.
 B = Non-inter-level travel time spent in this place.
 C = Inter-level travel time spent in this place.
 D = Time resting spent in this place.
 E = Time spent auto-exploring this place.
 F = Levels seen in this place.
 G = Mean time per level.
                   A        B        C        D        E       F      G
               +--------+--------+--------+--------+--------+-----+--------+
         Total |  11276 |  11072 |    204 |   4016 |   4416 |   9 | 1252.9 |
       Dungeon |  11024 |  10820 |    204 |   4004 |   4416 |   8 | 1378.0 |
         Sewer |    252 |    252 |      0 |     12 |      0 |   1 |  252.0 |
               +--------+--------+--------+--------+--------+-----+--------+

Top non-repeatable levels by time:
     D:3: 2119 daAuts
     D:2: 1718 daAuts
     D:8: 1564 daAuts
     D:7: 1360 daAuts
     D:5: 1358 daAuts
     D:6: 1186 daAuts
     D:4: 1025 daAuts
     D:1: 693 daAuts
   Sewer: 252 daAuts
